 Dungeon Crawl Stone Soup version 0.21.1-1-g345015f (webtiles) character file.

32884 grindst0ne the Spry (level 13, -1/55 HPs)
             Began as a Spriggan Enchanter on Feb 27, 2018.
             Was a High Priest of Dithmenos.
             Killed by divine providence
             ... invoked by a meliai
              (13 damage)
             ... on level 5 of the Lair of Beasts.
             The game lasted 01:06:13 (15278 turns).

grindst0ne the Spry (Spriggan Enchanter)           Turns: 15278, Time: 01:06:14

Health: -1/55      AC:  7    Str:  6    XL:     13   Next: 33%
Magic:  17/20      EV: 32    Int: 19    God:    Dithmenos [*****.]
Gold:   938        SH:  0    Dex: 19    Spells: 6/20 levels left

rFire    . . .     SeeInvis +   L - +5 dagger of the Moon {pierce, rN+}
rCold    . . .     Gourm    .   (shield restricted)
rNeg     + . .     Faith    .   s - +2 robe {Archmagi}
rPois    .         Spirit   .   (helmet restricted)
rElec    .         Reflect  .   J - +2 cloak
rCorr    .         Harm     .   (gloves unavailable)
MR       ++...                  (boots unavailable)
Stlth    +++++++++.             Z - amulet of magic regeneration
HPRegen  0.18/turn              k - +2 ring of strength
MPRegen  0.42/turn              (no ring)

@: very slightly contaminated, wreathed by umbra, very quick
A: very small, unfitting armour, see invisible, herbivore, speed 3, slow
metabolism 2
a: Shadow Step, Shadow Form, Renounce Religion


You were on level 5 of the Lair of Beasts.
You worshipped Dithmenos.
Dithmenos was extremely pleased with you.
You were hungry.

You visited 2 branches of the dungeon, and saw 16 of its levels.
You also visited: Volcano.

You collected 1169 gold pieces.
You spent 231 gold pieces at shops.

Inventory:

Hand Weapons
 B - a +0 rapier
 L - the +5 dagger of the Moon (weapon) {pierce, rN+}
   (You found it on level 10 of the Dungeon)

   It inflicts extra damage upon your enemies.
   It protects you from negative energy.
Missiles
 G - 3 throwing nets (quivered)
Armour
 s - a +2 robe of the Archmagi (worn)
 J - a +2 cloak (worn)
 K - a +2 robe of fire resistance
Jewellery
 k - a +2 ring of strength (left hand)
 o - an uncursed ring of fire
 E - an uncursed amulet of regeneration
 Z - an amulet of magic regeneration (around neck)
Wands
 f - a wand of iceblast (6)
 w - a wand of enslavement (14)
 y - a wand of paralysis (28)
 C - a wand of disintegration (19)
 H - a wand of scattershot (8)
 N - a wand of acid (18)
Scrolls
 e - 4 scrolls of magic mapping
 h - 3 scrolls of enchant armour
 l - 5 scrolls of fog
 n - 11 scrolls of remove curse {unknown}
 q - a scroll of noise {unknown}
 r - 12 scrolls of teleportation
 t - a scroll of fear
 u - a scroll of enchant weapon
 O - a scroll of amnesia {unknown}
 Q - a scroll of holy word {unknown}
 R - a scroll of acquirement {unknown}
 T - a scroll of vulnerability {unknown}
 W - a scroll of torment {unknown}
 Y - 2 scrolls of silence {unknown}
Potions
 b - 2 potions of mutation
 g - 2 potions of haste
 i - 6 potions of curing
 m - a potion of resistance
 p - 6 potions of flight
 v - 3 potions of agility
 z - 3 potions of magic
 D - 3 potions of lignification
 S - 2 potions of might {unknown}
 V - a potion of berserk rage {unknown}
 X - a potion of brilliance {unknown}
Books
 a - a book of Minor Magic

   Spells                             Type                      Level
   a - Magic Dart                     Conjuration                  1
   b - Blink                          Translocation                2
   c - Call Imp                       Summoning                    2
   d - Slow                           Hexes                        2
   e - Conjure Flame                  Conjuration/Fire             3
   f - Mephitic Cloud                 Conjuration/Poison/Air       3
 A - a book of Beasts

   Spells                             Type                      Level
   a - Summon Butterflies             Summoning                    1
   b - Call Canine Familiar           Summoning                    3
   c - Summon Ice Beast               Ice/Summoning                4
   d - Summon Mana Viper              Hexes/Summoning              5
   e - Summon Hydra                   Summoning                    7
 F - a book of Air

   Spells                             Type                      Level
   a - Shock                          Conjuration/Air              1
   b - Swiftness                      Charms/Air                   2
   c - Static Discharge               Conjuration/Air              3
   d - Airstrike                      Air                          4
   e - Lightning Bolt                 Conjuration/Air              5
 M - a book of Necromancy

   Spells                             Type                      Level
   a - Pain                           Necromancy                   1
   b - Animate Skeleton               Necromancy                   1
   c - Vampiric Draining              Necromancy                   3
   d - Regeneration                   Charms/Necromancy            3
   e - Animate Dead                   Necromancy                   4
   f - Borgnjor's Vile Clutch         Necromancy/Earth             5
Comestibles
 d - 17 rations


   Skills:
 + Level 13.3 Short Blades
 - Level 15.0 Dodging
 - Level 13.0 Stealth
 - Level 4.0 Spellcasting
 - Level 3.2 Conjurations
 - Level 14.0 Hexes
 * Level 2.4 Translocations
 - Level 6.1 Evocations


You had 6 spell levels left.
You knew the following spells:

 Your Spells              Type           Power        Failure   Level  Hunger
a - Corona                Hex            ######.      1%          1    None
b - Ensorcelled Hibernat  Hex/Ice        #####.       1%          2    ##.....
c - Confuse               Hex            ######..     1%          3    ###....
d - Tukima's Dance        Hex            ######..     1%          3    ###....
e - Dazzling Spray        Conj/Hex       ######       1%          3    ###....
f - Blink                 Tloc           N/A          8%          2    ##.....


Dungeon Overview and Level Annotations

Branches:
Dungeon (11/15)            Temple (0/1) D:6            Lair (5/6) D:11
 Shoals (0/4) Lair:3        Snake (0/4) Lair:4          Orc (0/2) D:10
  Slime: Lair:5-6

Altars:
Cheibriados
Dithmenos
Gozag
Hepliaklqana
Nemelex Xobeh
Okawaru
Qazlal
Ru
Xom
Yredelemnul
Zin
The Shining One

Shops:
D:6 [   D:9 =   D:10 [

Annotations:
D:8 exclusion: downstairs
D:10 exclusion: downstairs
Lair:2 exclusion: 4 oklob plants


Innate Abilities, Weirdness & Mutations

You are very small and have problems with some larger weapons.
You are too small for most types of armour.
You have supernaturally acute eyesight. (SInv)
You are a herbivore.
You cover ground extremely quickly.
You need consume almost no food.


Message History

The meliai invokes the aid of its god against you.
Something smites you!
* * * LOW HITPOINT WARNING * * *
Press: ? - help, v - describe, . - travel
Here: a meliai, wielding a hand axe and wearing a leather armour (umbra)
The floor.
Placed new exclusion.
Reduced exclusion size to a single square.
Removed exclusion.
Blink to where?
Press: ? - help, Dir - move target cursor, p - meliai You are very lightly contaminated with residual magic.
As you read the scroll of blinking, it crumbles to dust.
The meliai calls down the wrath of its god upon you.
Something smites you!
* * * LOW HITPOINT WARNING * * *
You feel better.
A meliai opens the door.
The meliai mumbles some strange prayers to its god against you.
Something smites you!
You die...

..........##........+...........+
.................................
...(...##P.#.........####........
.(....#####.....'##### ##......#
##.#### ######.## #......PP ##.#
#...# #P......P ### #...###
###PP..P# #####'#.# #......#
######### #...@..### ##......
.#P##.§y## #......+.# ##......
.y§§§....####......#.## ##.....^.
Py##y.P....##......#..###........
########...y'........[.#.#(......
#.#..#y...........##.......
#######......#.............
#........##..........
#####.#.##..##.......


You could see 2 meliai.

Vanquished Creatures
  The ghost of buskinjo the Summoner, a journeyman DrIE of Sif Muna (Lair:4)
  Josephine (D:11)
  2 hydras
  4 two-headed ogres
  The ghost of Baghtru the Cleaver, a novice HOFi (D:8)
  Urug (Lair:5)
  An unseen horror (D:10)
  A wizard (Volcano)
  The ghost of bmj180 the Cutter, a novice HaFi of Okawaru (D:6)
  8 elephants
  A toenail golem (Lair:1)
  7 spiny frogs
  A black mamba (Lair:5)
  4 rime drakes
  A komodo dragon (Lair:2)
  2 queen bees
  The ghost of Mirai the Digger, a novice GrEE (D:5)
  A troll (D:9)
  5 blink frogs
  4 dream sheep (Lair:5)
  8 hippogriffs
  4 wraiths (D:11)
  A wyvern (Lair:1)
  11 yaks
  5 basilisks
  2 hungry ghosts (D:9)
  Edmund (D:5)
  5 nagas (Lair:4)
  11 water moccasins
  An acid dragon (D:11)
  11 porcupines
  3 orc warriors (D:10)
  A sky beast (D:7)
  2 black bears
  A necrophage (D:5)
  2 wolves (Lair:2)
  2 phantoms
  An ice beast (D:7)
  7 ogres
  4 centaurs
  11 crocodiles
  A big kobold (D:11)
  16 bullfrogs
  A water moccasin skeleton (D:7)
  5 scorpions
  53 killer bees
  2 electric eels
  4 wights (D:7)
  4 howler monkeys
  2 crimson imps
  A centaur zombie (D:5)
  A bullfrog zombie (D:5)
  A jelly (D:10)
  4 hounds
  2 bullfrog skeletons
  Jessica (D:3)
  2 iguanas
  2 worker ants
  A hell rat (Lair:2)
  6 orc wizards
  A gnoll (D:1)
  12 adders
  A shadow imp (D:8)
  2 oozes
  An adder zombie (D:6)
  2 adder skeletons
  2 worms
  11 dart slugs
  4 leopard geckos
  11 orcs
  9 bats
  3 giant cockroaches
  6 goblins
  3 hobgoblins
  15 jackals
  13 kobolds
  4 quokkas
  3 ball pythons
  5 frilled lizards
  A quokka skeleton (D:5)
  6 rats
366 creatures vanquished.

Vanquished Creatures (others)
  28 fungi
  12 plants
40 creatures vanquished.

Grand Total: 406 creatures vanquished

Notes
Turn   | Place    | Note
-------+----------+-------------------------------------------
     0 | D:1      | grindst0ne the Spriggan Enchanter began the quest for the Orb.
     0 | D:1      | Reached XP level 1. HP: 9/9 MP: 5/5
   272 | D:1      | Reached XP level 2. HP: 11/13 MP: 4/6
   285 | D:1      | Reached skill level 5 in Stealth
   301 | D:1      | Learned a level 2 spell: Ensorcelled Hibernation
   323 | D:1      | Found a shimmering altar of Xom.
   517 | D:1      | Reached XP level 3. HP: 16/16 MP: 4/8
   662 | D:1      | Learned a level 3 spell: Confuse
  1073 | D:2      | Found a shadowy altar of Dithmenos.
  1097 | D:2      | Became a worshipper of Dithmenos the Shadowed
  1207 | D:2      | Reached XP level 4. HP: 21/21 MP: 2/9
  1472 | D:3      | Reached skill level 5 in Hexes
  1644 | D:3      | Reached XP level 5. HP: 19/24 MP: 4/11
  1985 | D:3      | Reached * piety under Dithmenos
  2087 | D:3      | Noticed Jessica
  2138 | D:3      | Killed Jessica
  2293 | D:4      | Noticed an ogre
  2343 | D:4      | Killed an ogre
  2343 | D:4      | Reached XP level 6. HP: 21/28 MP: 4/13
  3018 | D:4      | Found a shimmering altar of Xom.
  3133 | D:5      | Entered Level 5 of the Dungeon
  3204 | D:5      | Got an ichor-stained war axe
  3226 | D:5      | Learned a level 3 spell: Tukima's Dance
  3249 | D:5      | Reached XP level 7. HP: 21/32 MP: 6/14
  3256 | D:5      | Noticed Mirai's ghost (novice GrEE)
  3290 | D:5      | Killed Mirai's ghost
  3290 | D:5      | Reached skill level 10 in Stealth
  3519 | D:5      | Reached ** piety under Dithmenos
  3559 | D:5      | Found a glowing silver altar of Zin.
  3560 | D:5      | Noticed an angel
  3638 | D:5      | Noticed Edmund
  3645 | D:5      | Killed Edmund
  3645 | D:5      | Reached XP level 8. HP: 36/36 MP: 12/15
  3649 | D:5      | Found a basalt altar of Yredelemnul.
  3769 | D:6      | Found a staircase to the Ecumenical Temple.
  3814 | D:6      | Found a sacrificial altar of Ru.
  3842 | D:6      | Found an iron altar of Okawaru.
  4368 | D:6      | Noticed bmj180's ghost (novice HaFi)
  4405 | D:6      | Killed bmj180's ghost
  4454 | D:6      | Found Naveraag's Antique Armour Boutique.
  4660 | D:7      | Reached XP level 9. HP: 39/39 MP: 16/16
  4704 | D:7      | Reached skill level 10 in Hexes
  5058 | D:7      | Found a hazy altar of Hepliaklqana.
  5099 | D:7      | Found a stormy altar of Qazlal.
  5335 | D:7      | Reached skill level 5 in Short Blades
  5431 | D:8      | Reached skill level 1 in Evocations
  5476 | D:8      | Learned a level 3 spell: Dazzling Spray
  5625 | D:8      | Reached *** piety under Dithmenos
  5753 | D:8      | Reached skill level 4 in Dodging
  5788 | D:8      | Found a snail-covered altar of Cheibriados.
  5835 | D:8      | Found a sparkling altar of Nemelex Xobeh.
  5981 | D:8      | Noticed a two-headed ogre
  5982 | D:8      | Noticed Baghtru's ghost (novice HOFi)
  6010 | D:8      | Killed a two-headed ogre
  6010 | D:8      | Reached skill level 5 in Dodging
  6010 | D:8      | Reached skill level 1 in Conjurations
  6179 | D:8      | Killed Baghtru's ghost
  6179 | D:8      | Reached XP level 10. HP: 44/44 MP: 13/17
  6210 | D:8      | Found a glowing golden altar of the Shining One.
  6350 | D:9      | Found Jeadoc's Jewellery Boutique.
  6370 | D:9      | Reached skill level 6 in Dodging
  6727 | D:9      | Reached skill level 5 in Evocations
  6843 | D:9      | Reached skill level 7 in Dodging
  7030 | D:9      | Noticed a two-headed ogre
  7033 | D:9      | Killed a two-headed ogre
  7059 | D:9      | Reached skill level 8 in Dodging
  7306 | D:10     | Entered Level 10 of the Dungeon
  7312 | D:10     | Found Bugon's Armour Shop.
  7314 | D:10     | Found a staircase to the Orcish Mines.
  7354 | D:10     | Bought a +2 cloak for 231 gold pieces
  7399 | D:10     | Noticed a two-headed ogre
  7426 | D:10     | Killed a two-headed ogre
  7426 | D:10     | Reached skill level 9 in Dodging
  7511 | D:10     | Reached XP level 11. HP: 47/47 MP: 8/18
  7514 | D:10     | Noticed a two-headed ogre
  7525 | D:10     | Found a shimmering altar of Xom.
  7526 | D:10     | Killed a two-headed ogre
  7537 | D:10     | Reached **** piety under Dithmenos
  7559 | D:10     | Noticed an unseen horror
  7562 | D:10     | Killed an unseen horror
  7562 | D:10     | Reached skill level 10 in Dodging
  7652 | D:10     | Got an ebony dagger
  7653 | D:10     | Identified the +5 dagger of the Moon {pierce, rN+} (You found it on level 10 of the Dungeon)
  8074 | D:11     | Noticed Josephine
  8265 | D:11     | Found a staircase to the Lair.
  8755 | D:11     | Reached skill level 11 in Dodging
  8758 | D:11     | Killed Josephine
  8785 | D:11     | Reached skill level 10 in Short Blades
  9167 | D:11     | Found an opulent altar of Gozag.
  9335 | Lair:1   | Entered Level 1 of the Lair of Beasts
  9405 | Lair:1   | Found a dark tunnel.
  9407 | Lair:1   | Reached skill level 12 in Dodging
  9423 | Volcano  | Entered a volcano
  9428 | Volcano  | Noticed a wizard
  9435 | Volcano  | Killed a wizard
 10010 | Lair:1   | Noticed a seven-headed hydra
 10012 | Lair:1   | Killed a seven-headed hydra
 10209 | Lair:2   | Reached skill level 13 in Dodging
 10247 | Lair:1   | Reached XP level 12. HP: 43/51 MP: 4/19
 10249 | Lair:1   | Reached ***** piety under Dithmenos
 10775 | Lair:1   | Reached skill level 14 in Dodging
 12607 | Lair:3   | Reached skill level 15 in Dodging
 12867 | Lair:3   | Found a staircase to the Shoals.
 13419 | Lair:4   | Found a staircase to the Snake Pit.
 13524 | Lair:4   | Noticed buskinjo's ghost (journeyman DrIE)
 13831 | Lair:4   | Killed buskinjo's ghost
 13831 | Lair:4   | Reached XP level 13. HP: 55/55 MP: 18/20
 14465 | Lair:5   | Noticed Urug
 14467 | Lair:5   | Killed Urug
 14860 | Lair:5   | Learned a level 2 spell: Blink
 14946 | Lair:5   | Reached skill level 1 in Translocations
 15278 | Lair:5   | Killed from afar by a meliai

Skill      XL: |  1  2  3  4  5  6  7  8  9 10 11 12 13 |
---------------+----------------------------------------+-----
Hexes          | 4 5 7 8 9 11 13 14 | 14.0
Stealth        | 5 6 7 9 10 12 13 | 13.0
Spellcasting   | 3 4 |  4.0
Short Blades   | 3 6 8 11 12 13 | 13.3
Evocations     | 4 6 |  6.1
Dodging        | 5 9 13 15 | 15.0
Conjurations   | 2 3 |  3.2
Translocations | 2 |  2.4

Action                   |  1- 3 |  4- 6 |  7- 9 | 10-12 | 13-15 || total
-------------------------+-------+-------+-------+-------+-------++-------
Melee: Dagger            |   124 |   120 |    22 |   289 |    41 ||   596
       Rapier            |       |       |   155 |    59 |       ||   214
Throw: Throwing net      |       |       |       |     2 |       ||     2
 Cast: Corona            |     3 |     1 |       |       |       ||     4
       Ensorcelled Hiber |    22 |    48 |    38 |   233 |    32 ||   373
       Confuse           |       |     9 |    23 |    34 |     3 ||    69
       Dazzling Spray    |       |       |       |     1 |       ||     1
       Blink             |       |       |       |       |     1 ||     1
Evoke: Wand              |       |       |     2 |       |     1 ||     3
  Use: Scroll            |       |     7 |     1 |    10 |     2 ||    20
       Potion            |       |       |       |     1 |     2 ||     3
 Stab: Sleeping          |    23 |    35 |    36 |   164 |    26 ||   284
       Confused          |       |     5 |    23 |    16 |     2 ||    46
       Distracted        |       |       |     1 |       |     1 ||     2
  Eat: Ration            |       |     2 |     2 |     9 |     1 ||    14
Armor: Robe              |    21 |    16 |     6 |    12 |     3 ||    58
Dodge: Dodged            |   157 |   124 |    57 |   342 |    25 ||   705
